[Event "*** Titled Tuesday Blitz"]
[Site "Chess.com"]
[Date "2021.03.02"]
[Round "5"]
[White "esteban062000"]
[Black "MillyNeuf"]
[Result "1/2-1/2"]
[WhiteElo "2167"]
[BlackElo "2269"]
[TimeControl "180+1"]
[EndTime "10:54:49 PST"]
[Termination "Game drawn by repetition"]

1. Nf3 Nf6 2. c4 e6 3. g3 d5 4. b3 Be7 5. Bg2 O-O 6. O-O b6 7. Bb2 c5 8. cxd5 Nxd5 9. Nc3 Nxc3 10. dxc3 Bb7 11. Qc2 Qc7 12. c4 Nd7 13. Rad1 Rfd8 14. Rd2 Bf6 15. Rfd1 Bxb2 16. Qxb2 Nf6 17. Qe5 Qe7 18.
Qf4 Kf8 19. Ng5 Bxg2 20. Kxg2 h6 21. Ne4 Rxd2 22. Rxd2 Nxe4 23. Qxe4 Rd8 24. Rxd8+ Qxd8 25. Qh7 Qd4 26. Qh8+ Ke7 27. Qb8 Qe4+ 28. Kg1 Qb1+ 29. Kg2 Qxa2 30. Qc7+ Kf6 31. Qf4+ Kg6 32. Qe4+ Kf6 33.
Qf4+ Kg6 34. Qe4+ Kf6 35. Qf4+ 1/2-1/2

[Event "*** Titled Tuesday Blitz"]
[Site "Chess.com"]
[Date "2021.03.02"]
[Round "5"]
[White "Schachspielerr"]
[Black "howitzer14"]
[Result "0-1"]
[WhiteElo "2737"]
[BlackElo "3001"]
[TimeControl "180+1"]
[EndTime "10:54:50 PST"]
[Termination "howitzer14 won by resignation"]

1. d4 d5 2. c4 e6 3. Nc3 c5 4. cxd5 cxd4 5. Qa4+ Bd7 6. Qxd4 exd5 7. Nf3 Nc6 8. Qd1 Nf6 9. e3 Be6 10. Be2 a6 11.
O-O Bd6 12. b3 Qe7 13. Bb2 O-O 14. Rc1 Rad8 15. Nd4 Nxd4 16. Qxd4 Bc5 17. Qh4 d4 18. Na4 Ba7 19. Bd3 Rfe8 20. Bxd4 Bxd4 21. exd4 Qb4 22. Bc4 Bxc4 23. Rxc4 Qd2 24. Nc3 Re1 25.
g3 Rde8 26. Qf4 Qd3 27. Ne2 Rxf1+ 28. Kxf1 Qxe2+ 29. Kg2 h6 30. d5 Nxd5 31. Qd4 Ne3+ 0-1

[Event "*** Titled Tuesday Blitz"]
[Site "Chess.com"]
[Date "2021.03.02"]
[Round "5"]
[White "ChristopherYoo"]
[Black "Jungle_Jaguar"]
[Result "1-0"]
[WhiteElo "2900"]
[BlackElo "2611"]
[TimeControl "180+1"]
[EndTime "10:54:50 PST"]
[Termination "ChristopherYoo won by resignation"]

1. d4 Nf6 2. Nf3 d5 3. c4 c6 4. e3 e6 5. Bd3 Bd6 6. b3 O-O 7.
O-O Nbd7 8. Bb2 b6 9. Nbd2 Bb7 10.
Qe2 Re8 11. Rfd1 Qc7 12. Rac1 e5 13. dxe5 Nxe5 14. Nxe5 Bxe5 15. Bxe5 Qxe5 16. Nf3 Qe7 17. cxd5 Nxd5 18. Bc4 Rad8 19. Bxd5 Rxd5 20. Rxd5 cxd5 21.
Nd4 g6 22. h3 Rc8 23. Rxc8+ Bxc8 24. Qb5 Qd7 25. Qc6 Kg7 26. Qc3 Kg8 27. Nf3 Qd8 28. Ne5 Be6 29. a4 Qd6 30. b4 h5 31. a5 bxa5 32.
bxa5 Qb8 33. Nc6 Qb1+ 34. Kh2 Qb5 35. Ne7+ Kf8 36. Qf6 Qb8+ 37. f4 Ke8 38. Qh8+ Kxe7 39. Qxb8 1-0

[Event "*** Titled Tuesday Blitz"]
[Site "Chess.com"]
[Date "2021.03.02"]
[Round "5"]
[White "ehrenfeld"]
[Black "zimmm36"]
[Result "0-1"]
[WhiteElo "2493"]
[BlackElo "2319"]
[TimeControl "180+1"]
[EndTime "10:54:50 PST"]
[Termination "zimmm36 won on time"]

1. e4 c5 2. Nf3 Nc6 3. Bb5 g6 4. Bxc6 dxc6 5. d3 Bg7 6. h3 e5 7. Nc3 Ne7 8. Be3 b6 9. Qd2 O-O 10. Bh6 f6 11. O-O Be6 12. Nh2 g5 13. Bxg7 Kxg7 14.
Ne2 Ng6 15. Ng4 h5 16. Ne3 Qd7 17. Ng3 Rh8 18. Ngf5+ Kf7 19. g3 Ne7 20. f4 gxf4 21.
gxf4 Rag8+ 22. Kh1 Bxf5 23. exf5 Nxf5 24. fxe5 Ng3+ 25.
Kh2 Nxf1+ 26. Rxf1 Rg6 27. Nc4 Rhg8 28. Rf2 Qd4 29.
c3 Qh4 30. Nd6+ Kf8 31. Ne4 Rg3 32. Qh6+ Ke8 33. Nxf6+ Kd8 0-1

[Event "*** Titled Tuesday Blitz"]
[Site "Chess.com"]
[Date "2021.03.02"]
[Round "5"]
[White "PetrolulSah"]
[Black "Coiote53"]
[Result "0-1"]
[WhiteElo "2190"]
[BlackElo "2363"]
[TimeControl "180+1"]
[EndTime "10:54:51 PST"]
[Termination "Coiote53 won by resignation"]

1. d4 Nf6 2. c4 g6 3. Nc3 d5 4. cxd5 Nxd5 5. e4 Nxc3 6. bxc3 Bg7 7. Bc4 c5 8. Ne2 Nc6 9. Be3 O-O 10. O-O Bg4 11.
f3 Bd7 12. Rb1 Qc7 13. Bf4 Qc8 14. dxc5 Na5 15. Bd5 Qxc5+ 16. Kh1 Bc6 17. c4 Nxc4 18.
Qb3 Bxd5 19. exd5 Na5 20. Qb5 Qxb5 21. Rxb5 b6 22. Bg5 Rfe8 23. Ng3 h6 24. Bd2 Nc4 25.
Bc1 Rad8 26. Re1 a6 27. Rb1 Rxd5 28. Ne4 b5 29. h4 Nd6 30. Ng3 e6 31. Bf4 Nf5 32. Ne4 Red8 33. Rbc1 Nd4 34. Bc7 R8d7 35. Bf4 e5 36. Rc8+ Rd8 37. Rxd8+ Rxd8 38. Be3 Nc2 39.
Re2 Nxe3 40. Rxe3 f5 41. Nc5 Rd1+ 42. Kh2 Rd6 43. Ra3 Rc6 44. Nxa6 Bf8 45. Rd3 Rxa6 46.
Rd7 0-1

[Event "*** Titled Tuesday Blitz"]
[Site "Chess.com"]
[Date "2021.03.02"]
[Round "5"]
[White "eduardoperalta"]
[Black "SHIVACalypso"]
[Result "1-0"]
[WhiteElo "2539"]
[BlackElo "2349"]
[TimeControl "180+1"]
[EndTime "10:54:52 PST"]
[Termination "eduardoperalta won by resignation"]

1. d4 e6 2. Nf3 Nf6 3. c4 d5 4. Nc3 Bb4 5. e3 O-O 6. Bd3 c5 7. O-O cxd4 8. exd4 dxc4 9. Bxc4 b6 10. a3 Be7 11. Re1 Bb7 12. Bd3 Nbd7 13. Bc2 Rc8 14. Qd3 Qc7 15. Bg5 Rfd8 16. Rad1 h6 17. Bh4 Qc4 18.
Qxc4 Rxc4 19. Bb3 Rcc8 20. d5 Nf8 21. dxe6 Nxe6 22. Rxd8+ Rxd8 23. Ne5 Rd2 24. Nxf7 Kxf7 25. Bxe6+ Kf8 26. b4 Rd3 27. Nb5 a6 28. Nc7 Rxa3 29.
h3 Bxb4 30. Rb1 Bc5 31. Bc4 a5 32. Ne6+ Ke7 33. Nxc5 bxc5 34. Rxb7+ Kd6 35. Bg3+ Kc6 36. Rxg7 Ne4 37. Rg6+ Kd7 38. Bb5+ Ke7 39. Bh4+ Kf7 40. Rxh6 Rb3 41. Bc4+ 1-0

[Event "*** Titled Tuesday Blitz"]
[Site "Chess.com"]
[Date "2021.03.02"]
[Round "5"]
[White "Skatchkov_V"]
[Black "Zhigalko_Sergei"]
[Result "0-1"]
[WhiteElo "2612"]
[BlackElo "2906"]
[TimeControl "180+1"]
[EndTime "10:54:53 PST"]
[Termination "Zhigalko_Sergei won on time"]

1. d4 Nf6 2. c4 e6 3. Nf3 b6 4. g3 Ba6 5. b3 Bb4+ 6. Bd2 Be7 7. Bg2 c6 8. Bc3 d5 9. O-O Nbd7 10. Nbd2 O-O 11.
Qc2 Rc8 12. e4 c5 13. exd5 exd5 14. Qf5 dxc4 15. Nxc4 b5 16. Ba5 Nb6 17. Nce5 c4 18. bxc4 bxc4 19. Rfd1 Bb7 20. Rac1 Be4 21. Qh3 Qd5 22.
Bc3 Ba3 23. Ra1 Na4 24. Bd2 c3 25. Bc1 Bb2 26. Nxf7 Bxf3 0-1

[Event "*** Titled Tuesday Blitz"]
[Site "Chess.com"]
[Date "2021.03.02"]
[Round "5"]
[White "BahadirOzen"]
[Black "hellokostya"]
[Result "1-0"]
[WhiteElo "2793"]
[BlackElo "2576"]
[TimeControl "180+1"]
[EndTime "10:54:55 PST"]
[Termination "BahadirOzen won by resignation"]

1. g3 Nf6 2. Bg2 g6 3. Nf3 Bg7 4.
O-O O-O 5. d4 d6 6. Nbd2 c6 7. e4 Nbd7 8. Re1 e5 9. dxe5 dxe5 10. b3 Qc7 11. Bb2 Re8 12. a4 Nc5 13. b4 Na6 14. c3 Be6 15. Ng5 Bg4 16. Qc2 h6 17.
Ngf3 Rad8 18. h3 Be6 19. Rad1 Rd7 20. Bf1 Red8 21. Ra1 Qb8 22. Nc4 Ne8 23. Rad1 b5 24. Na5 Qc7 25. Ba3 Rxd1 26. Rxd1 Rxd1 27. Qxd1 Nd6 28.
Nd2 Nb8 29. c4 Nd7 30. c5 Nb7 31. Nxb7 Qxb7 32. a5 a6 33. Bb2 Nf8 34. Nf3 Qc7 35.
Kh2 f6 36. h4 Kf7 37. h5 g5 38.
Kg2 Bg4 39. Nxg5+ fxg5 40. Qxg4 Ne6 41. Qf5+ Kg8 42. Qxe6+ 1-0

[Event "*** Titled Tuesday Blitz"]
[Site "Chess.com"]
[Date "2021.03.02"]
[Round "5"]
[White "Azeryahu"]
[Black "UCantHandleDenker"]
[Result "1-0"]
[WhiteElo "2730"]
[BlackElo "2552"]
[TimeControl "180+1"]
[EndTime "10:54:55 PST"]
[Termination "Azeryahu won on time"]

1. d4 Nf6 2. c4 c5 3. d5 d6 4. Nc3 g6 5. e4 Bg7 6. Nf3 O-O 7. h3 e6 8. Bd3 Na6 9. O-O Nc7 10. a4 Re8 11. Bg5 h6 12. Be3 Na6 13. Qd2 Nb4 14. Bb1 exd5 15. exd5 h5 16. Bg5 Qc7 17. Nb5 Qd7 18.
Qf4 Nh7 19. Nxd6 Re2 20. Ne4 b6 21. Nf6+ Nxf6 22. Bxf6 Ba6 23. b3 Rae8 24. Ng5 Re1 25. Be4 Re2 26. Bf3 Rc2 27. Ne4 1-0

[Event "*** Titled Tuesday Blitz"]
[Site "Chess.com"]
[Date "2021.03.02"]
[Round "5"]
[White "VFernandezB"]
[Black "frederiksvane"]
[Result "0-1"]
[WhiteElo "2487"]
[BlackElo "2684"]
[TimeControl "180+1"]
[EndTime "10:54:55 PST"]
[Termination "frederiksvane won by checkmate"]

1. d4 Nf6 2. Nf3 d6 3. c4 g6 4. g3 Bg7 5. Bg2 O-O 6. O-O Bf5 7. Nc3 c6 8. Nd2 e5 9. e4 Bd7 10. Nf3 Qc7 11. h3 Na6 12. Be3 Rfe8 13. Qc2 exd4 14. Nxd4 Nc5 15. Rfe1 a5 16. Rad1 Rad8 17. Nb3 Nxb3 18. axb3 Bc8 19. f4 Nd7 20. Qf2 b6 21. Re2 Nc5 22. Bxc5 bxc5 23. Kh2 Ba6 24. Red2 Rb8 25.
Rxd6 Rxb3 26. Rd7 Qb8 27. Qxc5 Rxb2 28. Qxc6 Bb7 29. Rxb7 Rxb7 30. Nb5 Rc8 31. Qd5 Bf6 32. e5 Rd8 33. Qxb7 Qxb7 34. Bxb7 Rxd1 35. exf6 a4 36.
c5 Rb1 37. c6 Rxb5 38. c7 Rc5 39. c8=Q+ Rxc8 40. Bxc8 a3 41. Be6 fxe6 42. f5 exf5 43. g4 fxg4 44. hxg4 a2 45. g5 a1=Q 46. Kg3 Qe5+ 47.
Kg4 Qf5+ 48. Kh4 Qf4+ 49. Kh3 Qxg5 50. Kh2 Qxf6 51. Kg2 Qg5+ 52. Kh2 Kf7 53. Kh1 Kf6 54. Kh2 Kf5 55. Kh3 Kf4 56. Kh2 Kf3 57. Kh1 Qg2# 0-1

[Event "*** Titled Tuesday Blitz"]
[Site "Chess.com"]
[Date "2021.03.02"]
[Round "5"]
[White "Karla"]
[Black "mbojan"]
[Result "1-0"]
[WhiteElo "2337"]
[BlackElo "2617"]
[TimeControl "180+1"]
[EndTime "10:54:56 PST"]
[Termination "Karla won on time"]

1. e4 g6 2. d4 Bg7 3. Nc3 d6 4. f4 a6 5. Nf3 b5 6. Bd3 Nd7 7.
e5 c5 8. Be4 Rb8 9. O-O cxd4 10. Nxd4 dxe5 11. Nc6 Qb6+ 12. Kh1 Ngf6 13. Nxb8 Qxb8 14.
fxe5 Nxe5 15. Bf4 O-O 16. Bf3 e6 17. Qe2 Nfd7 18. Rac1 Qb6 19. Rcd1 b4 20. Ne4 Bb7 21. Nd6 Nxf3 22. gxf3 Bd5 23. b3 Qc6 24. Nc4 Rc8 25. Rf2 h6 26. h4 Nf6 27. Ne3 a5 28. Nxd5 Nxd5 29. Be5 Bxe5 30. Qxe5 Qb6 31. Rg2 Ne3 32. Rxg6+ fxg6 33. Rd7 Nf5 34. Qf6 Ng3+ 35. Kg2 Rxc2+ 36. Kh3 Rh2+ 37. Kxh2 Nf1+ 38. Kh3 1-0

[Event "*** Titled Tuesday Blitz"]
[Site "Chess.com"]
[Date "2021.03.02"]
[Round "5"]
[White "TeukkaSalama"]
[Black "DamianoLew95"]
[Result "0-1"]
[WhiteElo "2381"]
[BlackElo "2595"]
[TimeControl "180+1"]
[EndTime "10:54:56 PST"]
[Termination "DamianoLew95 won on time"]

1. d4 d5 2. Bf4 Nf6 3. e3 e6 4. Nf3 Bd6 5. Bg3 c5 6. c3 Qc7 7. dxc5 Bxg3 8. hxg3 Qxc5 9. Nbd2 Nc6 10. c4 d4 11.
exd4 Nxd4 12. Nxd4 Qxd4 13. Nf3 Qxb2 14. Bd3 Qc3+ 15.
Kf1 Bd7 16. Rc1 Qa5 17. c5 Rd8 18. Qe2 Qa3 19. Re1 O-O 20. Qe3 g6 21. Ne5 Bc6 22.
Qf4 Rxd3 23. Qxf6 Qc3 24. Qf4 h5 25. Rxh5 Rd4 26. Qf3 Bxf3 27. gxf3 gxh5 0-1

[Event "*** Titled Tuesday Blitz"]
[Site "Chess.com"]
[Date "2021.03.02"]
[Round "5"]
[White "saikrishnaReturns"]
[Black "Atco84"]
[Result "1-0"]
[WhiteElo "2648"]
[BlackElo "2424"]
[TimeControl "180+1"]
[EndTime "10:54:56 PST"]
[Termination "saikrishnaReturns won by resignation"]

1. e4 c5 2. Nf3 d6 3. d4 cxd4 4.
Nxd4 Nf6 5. Nc3 a6 6. Bg5 e6 7. f4 h6 8. Bh4 Be7 9. Qf3 Qc7 10.
O-O-O Nbd7 11. Rd2 b5 12. e5 Bb7 13. exf6 Bxf3 14. fxe7 g5 15. fxg5 hxg5 16. Bxg5 f6 17. Nxe6 Qb7 18. Ng7+ Kxe7 19. Nf5+ Ke6 20. Nd4+ Kf7 21.
Nxf3 fxg5 22. Nxg5+ Kg7 23. Ne6+ Kf6 24. Nf4 Rae8 25.
Be2 Ne5 26. Rxd6+ Ke7 27. Rhd1 Rd8 28. Re6+ Kf7 29. Rxe5 Rxd1+ 30. Bxd1 Qc7 31. Rf5+ Kg7 32. Ne6+ 1-0

[Event "*** Titled Tuesday Blitz"]
[Site "Chess.com"]
[Date "2021.03.02"]
[Round "5"]
[White "Orest_Vovk"]
[Black "Godzillator"]
[Result "1-0"]
[WhiteElo "2506"]
[BlackElo "2294"]
[TimeControl "180+1"]
[EndTime "10:54:56 PST"]
[Termination "Orest_Vovk won on time"]

1. d4 d5 2. Nf3 Nf6 3. Bg5 c6 4. Nbd2 Bf5 5. e3 Nbd7 6. Bd3 Bg6 7. O-O e6 8. Ne5 Be7 9. f4 Nxe5 10. dxe5 Nd7 11.
Bxe7 Qxe7 12. Bxg6 hxg6 13. Nb3 g5 14. Qd4 gxf4 15.
exf4 g6 16. g3 b6 17. c4 c5 18. Qd3 d4 19. Nd2 f5 20. exf6 Qxf6 21. Ne4 Qe7 22. b4 O-O-O 23. bxc5 Nxc5 24. Nxc5 Qxc5 25. Rfe1 Rd6 26. Re5 Qb4 27. Rb1 Qa4 28. c5 Rc6 29. cxb6 axb6 30. Qe4 Qc4 31. Re1 1-0

[Event "*** Titled Tuesday Blitz"]
[Site "Chess.com"]
[Date "2021.03.02"]
[Round "5"]
[White "googlegoom"]
[Black "BvsN"]
[Result "1-0"]
[WhiteElo "2474"]
[BlackElo "2306"]
[TimeControl "180+1"]
[EndTime "10:54:58 PST"]
[Termination "googlegoom won by checkmate"]

1. Nf3 d5 2. b3 c6 3. Bb2 Bg4 4. e3 e6 5. Be2 Nd7 6. O-O Ngf6 7. d4 Bd6 8. Nbd2 O-O 9. c4 Qb8 10. a3 a5 11. h3 Bh5 12. Bc3 b5 13. cxb5 cxb5 14.
Bb2 Rc8 15. Rc1 a4 16. Rxc8+ Qxc8 17. Bxb5 axb3 18. Qxb3 Rb8 19. a4 Qd8 20. Ba3 Bc7 21. Rc1 Ba5 22. Bb4 h6 23. Qc3 Bxb4 24. Qxb4 Ra8 25.
Qd6 Ra7 26. Ne5 Ne8 27. Qb4 Nxe5 28. dxe5 Nc7 29. Qd6 Qb8 30. Nb3 Qb7 31. Nd4 Nxb5 32.
axb5 Ra8 33. b6 Bg6 34. Rc7 Ra1+ 35. Kh2 Qa6 36. b7 Qf1 37. b8=Q+ Kh7 38. Nxe6 Qg1+ 39. Kg3 Be4 40. Qg8+ Kg6 41. Qxg7+ Kh5 42. Qg4# 1-0

[Event "*** Titled Tuesday Blitz"]
[Site "Chess.com"]
[Date "2021.03.02"]
[Round "5"]
[White "Oligan22"]
[Black "GM_Crest"]
[Result "0-1"]
[WhiteElo "2530"]
[BlackElo "2768"]
[TimeControl "180+1"]
[EndTime "10:55:00 PST"]
[Termination "GM_Crest won by checkmate"]

1. e4 e6 2. d4 d5 3. Nc3 Bb4 4. Ne2 dxe4 5. a3 Be7 6. Nxe4 Nf6 7. Nxf6+ Bxf6 8. Be3 c5 9. Qd2 Nc6 10. O-O-O cxd4 11. Nxd4 Nxd4 12. Bxd4 Qxd4 13. Qxd4 Bxd4 14. Rxd4 Ke7 15.
Be2 Rd8 16. Rhd1 Rxd4 17. Rxd4 Bd7 18. Bf3 Rb8 19. c4 b6 20. b4 Rc8 21. Kb2 e5 22. Rh4 h6 23. Bd5 f5 24. Rh3 e4 25.
Rg3 Kf6 26. h4 f4 27. Rc3 Ke5 28. Rc1 b5 29. Re1 Bf5 30. Kb3 g5 31. hxg5 hxg5 32.
a4 bxc4+ 33. Bxc4 g4 34. b5 g3 35. fxg3 fxg3 36. a5 Bg4 37. Bd3 Bf5 38. Kb4 Kd4 39. Bb1 Rc4+ 40. Kb3 Rc3+ 41. Kb4 Rc4+ 42. Kb3 Kc5 43.
Re3 Rb4+ 44. Kc3 Rxb1 45. Rxg3 Rxb5 46. Rg5 Kd6 47. Kd4 Rd5+ 48. Ke3 Rxa5 49. g4 Ra3+ 50. Kf4 Rf3# 0-1

[Event "*** Titled Tuesday Blitz"]
[Site "Chess.com"]
[Date "2021.03.02"]
[Round "5"]
[White "Zeeduin"]
[Black "akanga001"]
[Result "1-0"]
[WhiteElo "2902"]
[BlackElo "1953"]
[TimeControl "180+1"]
[EndTime "10:55:01 PST"]
[Termination "Zeeduin won by resignation"]

1. e4 c6 2. d4 d5 3. Nd2 dxe4 4. Nxe4 Nf6 5. Nxf6+ gxf6 6. c3 h5 7. Bd3 h4 8. Nf3 h3 9. g3 Bg4 10. Be2 Qd5 11. Bf4 Nd7 12. Qd3 O-O-O 13. c4 Qa5+ 14. Bd2 Qa6 15. Qc3 Qb6 16. b4 Bh6 17. Bxh6 Rxh6 18. c5 Qc7 19. O-O e5 20. Rfe1 e4 21.
Nd2 Bxe2 22. Rxe2 f5 23. Nc4 Nf6 24. Nd6+ Kb8 25. Nxf5 Rg6 26. Nd6 Nd5 27. Qb3 e3 28. Rxe3 Nxe3 29. Qxe3 Re6 30. Qf4 Rexd6 31. cxd6 Qxd6 32.
Qxf7 Qxd4 33. Re1 Qxb4 34. Qe6 a5 35. Rf1 Qd2 36. a4 Qd4 37. Qxh3 Qxa4 38. Qh5 Rd5 39. Qe8+ Ka7 40. h4 Qd4 41. h5 a4 42. h6 a3 43. h7 Rd8 44. Qh5 Rh8 45. Qa5+ Kb8 46. Re1 a2 47. Qxa2 Rxh7 48. Qg8+ Ka7 49. Qxh7 1-0

[Event "*** Titled Tuesday Blitz"]
[Site "Chess.com"]
[Date "2021.03.02"]
[Round "5"]
[White "iturrizaga"]
[Black "kuban1991"]
[Result "0-1"]
[WhiteElo "2848"]
[BlackElo "2955"]
[TimeControl "180+1"]
[EndTime "10:55:03 PST"]
[Termination "kuban1991 won by resignation"]

1. c4 g6 2. g3 Bg7 3. Bg2 c5 4. Nc3 Nc6 5. Nh3 d6 6. Nf4 e6 7. a3 Nge7 8. O-O O-O 9. Rb1 a5 10. d3 Rb8 11. Bd2 b6 12. e3 Bb7 13.
h4 Ne5 14. e4 N7c6 15. Nce2 h5 16. b4 axb4 17. axb4 Qc7 18. b5 Nd4 19. Nxd4 cxd4 20. Bb4 Nd7 21. Nh3 Ra8 22. Ng5 Ra2 23. f4 Nc5 24.
Bf3 Qd7 25. Bxh5 Rfa8 26. Bf3 f6 27. Nh3 e5 28. Nf2 Bh6 29. Ng4 Bg7 30. fxe5 dxe5 31. Bxc5 bxc5 32. Rf2 f5 33. Nh2 Rxf2 34. Kxf2 Ra2+ 35.
Kg1 fxe4 36. Bg4 Qf7 37. Ra1 Qf2+ 0-1

[Event "*** Titled Tuesday Blitz"]
[Site "Chess.com"]
[Date "2021.03.02"]
[Round "5"]
[White "DenisQ"]
[Black "MrChampion_Coach"]
[Result "1/2-1/2"]
[WhiteElo "2652"]
[BlackElo "2490"]
[TimeControl "180+1"]
[EndTime "10:55:03 PST"]
[Termination "Game drawn by repetition"]

1. Nf3 Nf6 2. g3 c5 3. Bg2 Nc6 4. O-O e5 5. c4 d6 6. Nc3 g6 7. d3 Bg7 8. Ne1 O-O 9. Nc2 Rb8 10. Rb1 Be6 11. Bg5 h6 12. Bxf6 Bxf6 13. b4 cxb4 14. Nxb4 Nxb4 15. Rxb4 Qd7 16. Qb3 b6 17. a4 Rbc8 18.
a5 bxa5 19. Rb5 Bd8 20. Rb1 Bb6 21. Na4 Rb8 22. Nxb6 axb6 23. Rxb6 a4 24. Qb4 Rxb6 25. Qxb6 d5 26. cxd5 Bxd5 27. Bxd5 Qxd5 28. Rb5 Qa2 29. Rxe5 a3 30. Ra5 Qxe2 31. Rxa3 Rc8 32. Qe3 Qd1+ 33. Kg2 Rc1 34. Qxh6 Qf1+ 35. Kf3 Qd1+ 36. Kg2 Qf1+ 37. Kf3 Qd1+ 38. Kg2 1/2-1/2

[Event "*** Titled Tuesday Blitz"]
[Site "Chess.com"]
[Date "2021.03.02"]
[Round "5"]
[White "alexrustemov"]
[Black "InitiatingASC"]
[Result "1-0"]
[WhiteElo "2715"]
[BlackElo "2440"]
[TimeControl "180+1"]
[EndTime "10:55:03 PST"]
[Termination "alexrustemov won on time"]

1. d4 Nf6 2. c4 g6 3. Nf3 Bg7 4. g3 O-O 5. Bg2 d6 6. Nc3 a6 7. O-O Nc6 8. b3 e5 9. d5 Ne7 10. e4 Nd7 11. Ne1 f5 12. Nd3 f4 13. Bd2 g5 14.
Bh3 Ng6 15. Rc1 Nf6 16. Bxc8 Qxc8 17. f3 fxg3 18. hxg3 Qh3 19. Be1 Ng4 20. Qe2 Nf4 21.
gxf4 exf4 22. e5 Ne3 23. Bd2 Qg3+ 24. Kh1 Bxe5 25. Ne4 Nxf1 26. Rxf1 Qh3+ 27. Kg1 Bd4+ 28. Ndf2 g4 29. Ng5 Qg3+ 30. Kh1 Qh4+ 31. Nfh3 gxh3 32. Ne6 Bb6 33. Bc3 1-0

[Event "*** Titled Tuesday Blitz"]
[Site "Chess.com"]
[Date "2021.03.02"]
[Round "5"]
[White "CzechmVIII"]
[Black "ljuks68"]
[Result "0-1"]
[WhiteElo "2249"]
[BlackElo "2440"]
[TimeControl "180+1"]
[EndTime "10:55:03 PST"]
[Termination "ljuks68 won on time"]

1. e4 e6 2. d4 d5 3. Nc3 Bb4 4. Ne2 Nc6 5. a3 Ba5 6. Be3 Nge7 7. Qd3 O-O 8. O-O-O Bb6 9. h4 Na5 10. h5 Nc4 11. g4 Qe8 12. Bf4 Bd7 13. Qg3 Bc6 14.
e5 Ba5 15. Bg5 b5 16. Na2 Rb8 17. Nb4 Bxb4 18. axb4 a5 19. Qh4 Nc8 20. Bf6 gxf6 21. exf6 Kh8 22. g5 axb4 23. g6 fxg6 24. hxg6 Qxg6 25.
Bh3 Ra8 26. Kb1 b3 27. Bf5 Qxf5 28. Rd3 bxc2+ 29. Kxc2 b4 30. Nf4 b3+ 31. Kxb3 Rb8+ 32. Kc3 N8d6 0-1

[Event "*** Titled Tuesday Blitz"]
[Site "Chess.com"]
[Date "2021.03.02"]
[Round "5"]
[White "Julianos82"]
[Black "FMalexhdez"]
[Result "1-0"]
[WhiteElo "2352"]
[BlackElo "2152"]
[TimeControl "180+1"]
[EndTime "10:55:03 PST"]
[Termination "Julianos82 won on time"]

1. d4 Nf6 2. Nf3 d5 3. Bf4 c6 4. e3 g6 5. c4 Bg7 6. Nc3 O-O 7. h3 a6 8. Rc1 b5 9. cxd5 Nxd5 10. Bg3 Nxc3 11.
Rxc3 Be6 12. a3 Qb6 13. Be2 a5 14. O-O b4 15. Rc1 Nd7 16. Qa4 Rfc8 17. Bc4 Nf8 18. Ne5 c5 19. d5 Bf5 20. Rfe1 Bxe5 21. Bxe5 Nd7 22. Bf4 Nf6 23. f3 Bd7 24. Qc2 Bb5 25. a4 Bxc4 26. Qxc4 Qb7 27. e4 Qd7 28. b3 Nh5 29.
Bh2 f5 30. e5 Ra7 31. e6 Qd8 32. d6 Ng7 33. Rcd1 Rc6 34. Be5 Qe8 35. d7 Qd8 36. Bxg7 Kxg7 37. Re5 1-0

[Event "*** Titled Tuesday Blitz"]
[Site "Chess.com"]
[Date "2021.03.02"]
[Round "5"]
[White "SergeyShtyka"]
[Black "Kale36"]
[Result "1-0"]
[WhiteElo "2460"]
[BlackElo "2289"]
[TimeControl "180+1"]
[EndTime "10:55:04 PST"]
[Termination "SergeyShtyka won by resignation"]

1. e4 c5 2. Nf3 d6 3. d4 cxd4 4.
Nxd4 Nf6 5. Nc3 g6 6. f4 Nc6 7. Nxc6 bxc6 8. e5 dxe5 9. Qxd8+ Kxd8 10.
fxe5 Nd5 11. Nxd5 cxd5 12. Bf4 e6 13. O-O-O Bd7 14. Bd3 Rc8 15. Rhf1 Be7 16. Be3 Ke8 17. Bxa7 Ra8 18. Bd4 Rxa2 19. Kd2 Bb4+ 20. Ke3 Ke7 21. c3 Ba5 22. Ra1 Rxa1 23. Rxa1 Bc7 24. Ra7 Bb8 25. Rb7 Rc8 26. Bb5 Bc7 27. Bxd7 Kxd7 28. Bb6 Kc6 29. Rxc7+ Rxc7 30. Bxc7 Kxc7 31. Kd4 Kc6 32. c4 dxc4 33.
Kxc4 g5 34. g4 h6 35. b4 Kb6 36. b5 Kb7 37. Kc5 Kc7 38. b6+ Kb7 39. Kb5 Kb8 40. Kc6 Kc8 41. b7+ Kb8 42. Kb6 h5 43. gxh5 1-0

[Event "*** Titled Tuesday Blitz"]
[Site "Chess.com"]
[Date "2021.03.02"]
[Round "5"]
[White "NaciSAN"]
[Black "Balla_Tamas"]
[Result "0-1"]
[WhiteElo "2303"]
[BlackElo "2506"]
[TimeControl "180+1"]
[EndTime "10:55:05 PST"]
[Termination "Balla_Tamas won on time"]

1. e4 c5 2. Nf3 e6 3. d3 d5 4.
Nbd2 Nc6 5. g3 b6 6. Bg2 dxe4 7. dxe4 Ba6 8. Bf1 Bxf1 9. Kxf1 Nf6 10. Kg2 Be7 11.
Qe2 Qc7 12. c3 O-O 13. Nc4 b5 14. Ncd2 a6 15. a4 Qb7 16. Re1 Rfd8 17. h3 c4 18. Kg1 Nd7 19. Nf1 Nc5 20. axb5 axb5 21. Rxa8 Rxa8 22. Be3 Nd3 23. Rd1 Ra2 24. Rd2 Na5 25. b4 Rxd2 26. N3xd2 Nc6 27. f4 f5 28. e5 Nb8 29. Nf3 Nc6 30. Ne1 Qd7 31. Qd2 Ncxb4 32. Nxd3 Nxd3 33. Qa2 Qb7 34. Qa5 h6 35. Qb6 Qxb6 36. Bxb6 g5 37. Be3 Kf7 38. Nd2 Kg6 39. Kf1 Bc5 40. Ke2 Nc1+ 41. Kd1 Nd3 42. Ke2 Be7 43.
Bd4 gxf4 0-1

[Event "*** Titled Tuesday Blitz"]
[Site "Chess.com"]
[Date "2021.03.02"]
[Round "5"]
[White "Angry_Twin"]
[Black "manitodeplomo"]
[Result "1-0"]
[WhiteElo "2895"]
[BlackElo "2608"]
[TimeControl "180+1"]
[EndTime "10:55:06 PST"]
[Termination "Angry_Twin won on time"]

1. e4 g6 2. d4 Bg7 3. Nc3 c5 4. dxc5 Bxc3+ 5. bxc3 Nf6 6. e5 Ne4 7. Qd4 Qa5 8. Bd3 Nc6 9. Qxe4 Qxc3+ 10. Ke2 Qxa1 11.
Nf3 b6 12. h4 bxc5 13. h5 g5 14. Rd1 Rb8 15. Bxg5 Rb1 16. Rxb1 Qxb1 17. Qf4 Qb4 18. Qg3 Qa4 19. Be3 Ba6 20. Qg7 Rf8 21. Bh6 Qxc2+ 22. Ke1 Qc3+ 23. Nd2 Kd8 24. Qxf8+ Kc7 25. Bxa6 Qa1+ 26.
Ke2 Qxe5+ 27. Be3 Nd4+ 28. Kf1 1-0

[Event "*** Titled Tuesday Blitz"]
[Site "Chess.com"]
[Date "2021.03.02"]
[Round "5"]
[White "1random"]
[Black "Leo_C"]
[Result "1-0"]
[WhiteElo "2663"]
[BlackElo "2426"]
[TimeControl "180+1"]
[EndTime "10:55:07 PST"]
[Termination "1random won by resignation"]

1. e4 c6 2. d4 d5 3. exd5 cxd5 4. Nf3 Nc6 5. c3 Nf6 6. Ne5 Bd7 7. Bd3 g6 8. Nxd7 Qxd7 9. O-O Bg7 10. Nd2 O-O 11.
Nf3 e6 12. Re1 Ne8 13. Bf4 f6 14. c4 Nd6 15. cxd5 exd5 16. Qb3 Nf5 17. Qa4 a6 18. Rad1 b5 19. Qa3 g5 20. Bg3 g4 21. Nh4 Nfxd4 22. Bb1 f5 23. Bd6 Rfe8 24. Qc5 Qf7 25. Nxf5 Nxf5 26.
Qxc6 Rac8 27. Rxe8+ Rxe8 28. Bxf5 Rd8 29. Bxg4 Bf8 30.
Bxf8 Rxf8 31. Qxd5 Qxd5 32. Rxd5 Re8 33. g3 Re1+ 34. Kg2 1-0

[Event "*** Titled Tuesday Blitz"]
[Site "Chess.com"]
[Date "2021.03.02"]
[Round "5"]
[White "Moon_stone123"]
[Black "frankshar"]
[Result "0-1"]
[WhiteElo "2501"]
[BlackElo "2352"]
[TimeControl "180+1"]
[EndTime "10:55:07 PST"]
[Termination "frankshar won by resignation"]

1. Nf3 Nf6 2. g3 e6 3. Bg2 d5 4. O-O Be7 5. c4 d4 6. e3 c5 7. exd4 cxd4 8. d3 O-O 9. a3 a5 10. Re1 Nc6 11. Bf4 Qb6 12. Qc2 Nd7 13. Nbd2 Nc5 14.
Ne5 f6 15. Nxc6 bxc6 16. Ne4 e5 17. Nxc5 Bxc5 18. Bd2 Bf5 19. Rab1 a4 20. Be4 Bxe4 21. Rxe4 Rfb8 22. Ree1 Qb3 23. Qxb3 Rxb3 24. f4 Rxd3 25. Rbd1 Re8 26. fxe5 fxe5 27. Bb4 Rxd1 28. Rxd1 Bxb4 29. axb4 Rb8 30. Re1 Rxb4 31. Rxe5 Rxb2 32. Ra5 d3 33. Kf1 Ra2 34. Ke1 a3 35. Kd1 Kf7 36. c5 Ke6 37. Ra7 Kd5 38. Kc1 Rc2+ 39. Kd1 a2 40. Ra5 Rb2 41. Kc1 Rb1+ 42. Kd2 a1=Q 43. Rxa1 Rxa1 44. Kxd3 Ra3+ 45. Ke2 Kxc5 46. Kf2 Ra2+ 0-1